 Dungeon Crawl Stone Soup version 0.30-a0-702-gdf48620a09 (webtiles) character file.

Game seed: 2701093788595847431

971 Darius099 the Trooper (level 8, -1/51 HPs)
             Began as a Gargoyle Fighter on Jan 21, 2023.
             Was a Believer of Okawaru.
             Slain by Duvessa
             ... wielding a +2 rapier of protection
              (5 damage)
             ... on level 5 of the Dungeon.
             The game lasted 00:10:11 (3292 turns).

Darius099 the Trooper (Gargoyle Fighter)            Turns: 3292, Time: 00:10:12

Health: -1/51      AC: 16    Str: 19    XL:     8   Next: 16%
Magic:  8/8        EV:  9    Int: 10    God:    Okawaru [**....]
Gold:   175        SH:  5    Dex: 11    Spells: 7/7 levels left

rFire   . . .      SeeInvis .    a - +0 flail
rCold   + + .      Faith    .    c - +0 buckler
rNeg    + . .      Spirit   .    b - +0 scale mail
rPois   ∞          Reflect  .    (no helmet)
rElec   +          Harm     .    (no cloak)
rCorr   .          Rampage  .    n - +2 pair of gloves
Will    .....                    (no boots) Stlth
                                 i - amulet of magic regeneration
HPRegen 0.28/turn                z - ring of protection from cold
MPRegen 0.51/turn                C - ring of protection from cold

@: mighty
A: sickness immunity, AC +5, negative energy resistance 1, electricity
resistance, torment resistance 1, petrification resistance
a: Renounce Religion, Heroism


You were on level 5 of the Dungeon.
You worshipped Okawaru.
Okawaru was pleased with you.
You visited 2 branches of the dungeon, and saw 7 of its levels.
You also visited: Sewer.

You collected 175 gold pieces.

Inventory:

Hand Weapons
 a - a +0 flail (weapon)
Armour
 b - a +0 scale mail (worn)
 c - a +0 buckler (worn)
 n - a +2 pair of gloves (worn)
Jewellery
 i - an amulet of magic regeneration (around neck)
 z - a ring of protection from cold (left hand)
 C - a ring of protection from cold (right hand)
Scrolls
 e - a scroll of silence {unknown}
 f - a scroll of vulnerability {unknown}
 j - a scroll of butterflies {unknown}
 o - 3 scrolls of magic mapping {unknown}
 r - 4 scrolls of teleportation {unknown}
 s - a scroll of enchant armour {unknown}
 t - 2 scrolls of noise {unknown}
 u - a scroll of fear {unknown}
 v - 2 scrolls of identify
 y - 3 scrolls of torment {unknown}
 B - 2 scrolls of blinking {unknown}
 D - a scroll of amnesia {unknown}
Potions
 d - a potion of might
 g - a potion of heal wounds
 h - 2 potions of degeneration {unknown}
 k - 3 potions of curing
 l - a potion of attraction {unknown}
 m - 3 potions of lignification
 p - a potion of berserk rage {unknown}
 q - 2 potions of flight {unknown}
 w - 3 potions of haste {unknown}
 x - a potion of ambrosia {unknown}
 A - a potion of cancellation {unknown}


   Skills:
 + Level 6.0 Fighting
 + Level 4.9 Maces & Flails
 + Level 5.9 Armour
 + Level 5.9 Shields


You had 7 spell levels left.
You didn't know any spells.
Your spell library was empty.

Dungeon Overview and Level Annotations

Branches:
Dungeon (6/15)             Temple (1/1) D:4           Sewer (visited)

Altars:
Dithmenos
Elyvilon
Fedhas
Gozag
Kikubaaqudgha
Makhleb
Nemelex Xobeh
Okawaru
Qazlal
Ru
Sif Muna
Uskayaw
Vehumet
Wu Jian
Xom
Zin
The Shining One

Annotations:
D:5 Duvessa


Innate Abilities, Weirdness & Mutations

You are immune to sickness and miasma.
Your stone body is resilient. (AC +5)
You are immune to poison.
You resist negative energy. (rN+)
You are resistant to electric shocks. (rElec)
You are resistant to unholy torment.
You are immune to petrification.


Message History

Duvessa hits you with a +2 rapier of protection!
You closely miss Duvessa.
Duvessa hits you with a +2 rapier of protection.
Duvessa closely misses you.
You hit Duvessa but do no damage.
Duvessa hits you with a +2 rapier of protection!
Duvessa barely misses you.
You closely miss Duvessa.
Duvessa hits you with a +2 rapier of protection!
Duvessa closely misses you.
You hit Duvessa but do no damage.
Duvessa hits you with a +2 rapier of protection!
* * * LOW HITPOINT WARNING * * *
You block Duvessa's attack.
You feel very mighty all of a sudden.
Duvessa hits you with a +2 rapier of protection.
* * * LOW HITPOINT WARNING * * *
You feel much better.
Duvessa hits you with a +2 rapier of protection!
Duvessa misses you.
You barely miss Duvessa. You block Duvessa's attack.
You thump Duvessa!
Duvessa is moderately wounded.
Duvessa hits you with a +2 rapier of protection.
* * * LOW HITPOINT WARNING * * *
You block Duvessa's attack.
You barely miss Duvessa.
Duvessa is moderately wounded.
Duvessa completely misses you. Duvessa hits you but does no damage.
You sock Duvessa!
Duvessa is heavily wounded.
Duvessa barely misses you.
Duvessa hits you with a +2 rapier of protection!
* * * LOW HITPOINT WARNING * * *
You hit Duvessa.
Duvessa is heavily wounded.
Duvessa hits you with a +2 rapier of protection.
* * * LOW HITPOINT WARNING * * *
Duvessa hits you with a +2 rapier of protection.
You die... ....# ..?# ...# ..# eh## #ne

#.#
#.###.#######################
+..........e@................
#.....#######################
#######


You could see Duvessa (berserk).

Vanquished Creatures
  An ice beast (D:6)
  A phantom (D:6)
  A kobold brigand (Sewer)
  2 necrophages (D:5)
  A scorpion (D:6)
  Dowan (D:5)
  2 howler monkeys
  6 hounds
  2 jellies
  8 adders
  2 river rats (Sewer)
  A shadow imp (D:6)
  2 worms
  A dart slug (D:5)
  2 orcs
  4 bats (D:1)
  8 endoplasms
  4 giant cockroaches
  8 goblins
  5 hobgoblins
  7 kobolds
  2 quokkas
  9 ball pythons
  6 frilled lizards
  6 rats
92 creatures vanquished.

Notes
Turn   | Place    | Note
-------+----------+-------------------------------------------
     0 | D:1      | Darius099 the Gargoyle Fighter began the quest for the Orb.
     0 | D:1      | Reached XP level 1. HP: 14/14 MP: 1/1
   105 | D:1      | Reached XP level 2. HP: 19/19 MP: 2/2
   647 | D:1      | Reached XP level 3. HP: 22/23 MP: 3/3
  1128 | D:2      | Reached XP level 4. HP: 28/29 MP: 4/4
  1376 | D:3      | Reached skill level 4 in Fighting
  1498 | D:3      | Found a glowing drain.
  1552 | Sewer    | Entered a sewer
  1558 | Sewer    | Reached XP level 5. HP: 33/33 MP: 5/5
  1653 | Sewer    | Noticed a kobold brigand
  1672 | Sewer    | Killed a kobold brigand
  1731 | Sewer    | Reached XP level 6. HP: 25/39 MP: 6/6
  2273 | D:3      | Found a faded altar of an unknown god.
  2462 | D:4      | Found a staircase to the Ecumenical Temple.
  2469 | Temple   | Entered the Ecumenical Temple
  2493 | Temple   | Became a worshipper of Warmaster Okawaru
  2591 | D:4      | You fall into a shaft and drop 2 floors!
  2627 | D:6      | Reached skill level 5 in Fighting
  2627 | D:6      | Reached skill level 5 in Armour
  2697 | D:6      | Noticed an ice beast
  2706 | D:6      | Killed an ice beast
  2706 | D:6      | Reached * piety under Okawaru
  2707 | D:6      | Reached skill level 5 in Shields
  2707 | D:6      | Reached XP level 7. HP: 27/44 MP: 7/7
  3006 | D:5      | Entered Level 5 of the Dungeon
  3055 | D:5      | Reached ** piety under Okawaru
  3232 | D:5      | Noticed Dowan
  3233 | D:5      | Noticed Duvessa
  3255 | D:5      | Reached XP level 8. HP: 41/51 MP: 8/8
  3271 | D:5      | Killed Dowan
  3281 | D:5      | Reached skill level 6 in Fighting
  3292 | D:5      | Slain by Duvessa

Illustrated notes

Levels and vault maps discovered:
D:1:      sevenhm_arrival_forest_fort_large_4, layout_loops_ring,
          minmay_crystal_water
D:2:      layout_rooms
D:3:      layout_loops_ring, portal_sewer_entry_b,
          shapermc_ecumenical_altar_acropolis, chequers_arboretum
D:4:      layout_basic, temple_statues
D:5:      layout_basic, minmay_misc_feat_enclosed, uniq_duvessa
D:6:      layout_rooms
Temple:   dpeg_three_leaves_temple

Skill      XL: |  1  2  3  4  5  6  7  8 |
---------------+-------------------------+-----
Fighting       | 4 5 6 |  6.0
Armour         | 4 5 |  5.9
Shields        | 4 5 |  5.9
Maces & Flails | 3 4 |  4.9

Action                   |  1- 3 |  4- 6 |  7- 9 || total
-------------------------+-------+-------+-------++-------
Melee: Flail             |    95 |   266 |   131 ||   492
  Use: Scroll            |       |     3 |       ||     3
       Potion            |       |       |     3 ||     3
Armor: Scale mail        |    66 |   137 |    89 ||   292
Dodge: Dodged            |    56 |   124 |    55 ||   235
Block: Buckler           |    23 |    55 |    30 ||   108

Table legend: (Time is in decaauts)
 A = Elapsed time spent in this place.
 B = Non-inter-level travel time spent in this place.
 C = Inter-level travel time spent in this place.
 D = Time resting spent in this place.
 E = Time spent auto-exploring this place.
 F = Levels seen in this place.
 G = Mean time per level.
                   A        B        C        D        E       F      G
               +--------+--------+--------+--------+--------+-----+--------+
         Total |   3477 |   3381 |     96 |    124 |   1817 |   8 |  434.6 |
       Dungeon |   3006 |   2910 |     96 |    124 |   1724 |   6 |  501.0 |
        Temple |     30 |     30 |      0 |      0 |      0 |   1 |   30.0 |
         Sewer |    441 |    441 |      0 |      0 |     92 |   1 |  441.0 |
               +--------+--------+--------+--------+--------+-----+--------+

Top non-repeatable levels by time:
     D:1: 931 daAuts
     D:3: 779 daAuts
     D:2: 455 daAuts
   Sewer: 441 daAuts
     D:6: 435 daAuts
     D:5: 299 daAuts
     D:4: 106 daAuts
  Temple: 30 daAuts
